 Dungeon Sprint DCSS version 0.27-a0-538-g15ff5c5295 (webtiles) character file.

Game seed: 4116865763700682549

2664 rocky1 the Geomancer (level 9, 0/63 HPs)
             Began as an Octopode Earth Elementalist on Mar 7, 2021.
             Was a High Priest of Sif Muna.
             Slain by a shadow wraith (23 damage)
             ... in the Dungeon (Sprint VII: "The Pits").
             The game lasted 00:08:43 (1243 turns).

rocky1 the Geomancer (Octopode Earth Elementalist)  Turns: 1243, Time: 00:08:44

Health: 0/63       AC:  1    Str:  7    XL:     9   Next: 63%
Magic:  1/20       EV: 16    Int: 20    God:    Sif Muna [*****.]
Gold:   0          SH:  5    Dex: 13    Spells: 8/23 levels left

rFire    . . .     SeeInvis .   m - +4 mace (protect)
rCold    . . .     Faith    .   n - +0 buckler
rNeg     . . .     Spirit   .   (helmet restricted)
rPois    .         Reflect  .   (no amulet)
rElec    .         Harm     .   (no ring)
rCorr    .         Rampage  .   (no ring)
Will     .....     NoTele   +   (no ring)
Stlth    ++++......             (no ring)
HPRegen  0.20/turn              (no ring)
MPRegen  0.17/turn              (no ring)
                                (no ring)
                                (no ring)

@: slowed, very slow
A: almost no armour, amphibious, 8 rings, constrict 8, camouflage 1, gelatinous
body 1, nimble swimmer 1
a: Renounce Religion, Channel Magic, Forget Spell, Divine Exegesis


You were in the Dungeon.
You worshipped Sif Muna.
Sif Muna was extremely pleased with you.
You visited 1 branch

Inventory:

Hand Weapons
 k - a +1 quarterstaff of protection
 l - a +1 long sword of flaming
 m - a +4 mace of protection (weapon)
 s - a +2 rapier of speed
Missiles
 b - 10 stones
Armour
 n - a +0 buckler (worn)
Jewellery
 o - a +3 ring of protection
 p - a +3 ring of evasion
Scrolls
 h - a scroll of blinking
 i - 5 scrolls of amnesia
 j - a scroll of summoning
Potions
 a - 2 potions of invisibility
 c - 7 potions of curing
 d - 7 potions of heal wounds
 e - 2 potions of haste
 f - 3 potions of magic
 g - 3 potions of berserk rage
 q - 2 potions of brilliance
 r - 3 potions of mutation


   Skills:
 + Level 6.3 Fighting
 + Level 3.3 Maces & Flails
 + Level 8.6 Dodging
 + Level 5.8 Stealth
 + Level 3.3 Shields
 - Level 2.3 Unarmed Combat
 + Level 7.9 Spellcasting
 + Level 6.4 Transmutations
 + Level 12.1 Earth Magic
 + Level 9.1 Invocations


You had 8 spell levels left.
You knew the following spells:

 Your Spells              Type           Power      Damage    Failure   Level
a - Sandblast             Erth           100%       2d20      1%          1
b - Stone Arrow           Conj/Erth      64%        3d11      2%          3
c - Lee's Rapid Deconstr  Erth           27%        3d15*     1%          5
d - Statue Form           Tmut/Erth      30%        N/A       30%         6

Your spell library contained the following spells:

 Spells                   Type           Power      Damage    Failure   Level
 Passwall                 Tmut/Erth      37%        N/A       1%          2
 Petrify                  Tmut/Erth      45%        N/A       1%          4
 Ignite Poison            Fire/Tmut/Pois 16%        N/A       12%         3
 Ensorcelled Hibernation  Hex/Ice        14%        N/A       14%         2
 Mephitic Cloud           Conj/Pois/Air  7%         N/A       28%         3
 Ozocubu's Armour         Ice            7%         N/A       28%         3
 Summon Ice Beast         Ice/Summ       7%         N/A       67%         4
 Ozocubu's Refrigeration  Ice            3%         4d5       100%        7


Dungeon Overview and Level Annotations

Branches:
Dungeon (1/1)

Altars:
Ashenzari
Cheibriados
Dithmenos
Elyvilon
Fedhas
Gozag
Hepliaklqana
Kikubaaqudgha
Makhleb
Nemelex Xobeh
Okawaru
Qazlal
Ru
Sif Muna
Trog
Uskayaw
Vehumet
Wu Jian
Xom
Yredelemnul
Zin
The Shining One
Beogh
Jiyva
Lugonu


Innate Abilities, Weirdness & Mutations

You cannot wear most types of armour.
You are amphibious.
You can wear up to eight rings at the same time.
You can use your tentacles to constrict eight enemies at once.
Your skin changes colour to match your surroundings (Stealth+).
Your rubbery body absorbs attacks. (AC +1, EV +1)
You are stealthy while swimming. (Stealth+)


Message History

Press: ? - help, Dir - move target A metal wall.
The metal wall shatters!
The blast of metal fragments hits the merfolk siren!!
The merfolk siren is severely wounded.
The blast of metal fragments hits the warg!!!
You kill the warg!
Sif Muna accepts your kill.
You hear a hideous shriek!
Your Fighting skill increases to level 6!
Your Stealth skill increases to level 5!
Unknown command.
There is a large open door here.
Something hits you!!
Deactivating autopickup; reactivate with Ctrl-A.
Casting: Lee's Rapid Deconstruction (dangerous; 1% risk of failure)
Confirm with . or Enter, or press ? or * to list all spells.
Aiming: Lee's Rapid Deconstruction (dangerous; 1% risk of failure)
Press: ? - help, Dir - move target A metal wall.
The metal wall shatters!
The blast of metal fragments hits something!
The blast of metal fragments hits the merfolk siren!!
You kill the merfolk siren!
Sif Muna accepts your kill.
You hear a hideous shriek!
Something hits you! Something drains your vigour!
You feel yourself slow down.
Your Maces & Flails skill increases to level 3!
Your Shields skill increases to level 3!
Your Invocations skill increases to level 9!
Casting: Lee's Rapid Deconstruction (dangerous; 1% risk of failure)
Confirm with . or Enter, or press ? or * to list all spells.
You can't see any susceptible monsters within range! (Use Z to cast anyway.)
Casting: Lee's Rapid Deconstruction (dangerous; 1% risk of failure)
Confirm with . or Enter, or press ? or * to list all spells.
Aiming: Lee's Rapid Deconstruction (dangerous; 1% risk of failure)
Press: ? - help, Dir - move target A metal wall.
The metal wall shatters!
Something hits you!!
You die...

#'#####......#..#......#
..#..##................#
..#.)#####'#####''######
###.)##.......##''#####
..#).##.......##......+
..#[[##.......##......+
..#'###...<...##...÷.##
.....##.......##...### .
.....##.......##@.## ...
#######.......##''#..†#.
..#.[###########:.).....
..#)############++#...#.
..#.#....#..[[# #....
#.#)#....#..[[# ##..
..#.'....'..).# .
..#'#....#..))#
..'.#)...#..))#


There were no monsters in sight!

Vanquished Creatures
  A merfolk siren (D)
  A cane toad (D)
  A guardian mummy (D)
  A tarantella (D)
  A spriggan (D)
  A wyvern (D)
  A fire bat (D)
  3 vampire mosquitoes (D)
  A warg (D)
  A floating eye (D)
  A black bear (D)
  2 ogres (D)
  2 bullfrogs (D)
  A gnoll sergeant (D)
  4 orc wizards (D)
  5 gnolls (D)
  2 adders (D)
  An ufetubus (D)
  An adder zombie (D)
  An adder skeleton (D)
  A leopard gecko (D)
  4 orcs (D)
  A hobgoblin (D)
  A quokka (D)
  A ball python (D)
  A frilled lizard (D)
  A rat (D)
42 creatures vanquished.

Notes
Turn   | Place    | Note
-------+----------+-------------------------------------------
     0 | D        | rocky1 the Octopode Earth Elementalist began the quest for
                  | the Orb.
     0 | D        | Reached XP level 1. HP: 11/11 MP: 3/3
    36 | D        | Found a bloodstained altar of Trog.
    36 | D        | Found a shimmering blue altar of Sif Muna.
    36 | D        | Found a viscous altar of Jiyva.
    36 | D        | Found a hazy altar of Hepliaklqana.
    36 | D        | Found an opulent altar of Gozag.
    37 | D        | Found a glowing golden altar of the Shining One.
    37 | D        | Found a glowing silver altar of Zin.
    37 | D        | Found a basalt altar of Yredelemnul.
    37 | D        | Found a shimmering altar of Xom.
    37 | D        | Found an ornate altar of the Wu Jian Council.
    37 | D        | Found a sacrificial altar of Ru.
    37 | D        | Found a stormy altar of Qazlal.
    37 | D        | Found an iron altar of Okawaru.
    37 | D        | Found a sparkling altar of Nemelex Xobeh.
    37 | D        | Found a burning altar of Makhleb.
    37 | D        | Found a blossoming altar of Fedhas.
    37 | D        | Found a white marble altar of Elyvilon.
    37 | D        | Found a shadowy altar of Dithmenos.
    37 | D        | Found a snail-covered altar of Cheibriados.
    40 | D        | Found a corrupted altar of Lugonu.
    40 | D        | Found a radiant altar of Vehumet.
    41 | D        | Found an ancient bone altar of Kikubaaqudgha.
    41 | D        | Found a hide-covered altar of Uskayaw.
    41 | D        | Found a broken altar of Ashenzari.
    42 | D        | Became a worshipper of Sif Muna the Loreminder
    76 | D        | Noticed a floating eye
    79 | D        | Paralysed by a floating eye for 3 turns
    85 | D        | Killed a floating eye
    86 | D        | Reached skill level 9 in Earth Magic
    86 | D        | Reached XP level 2. HP: 17/17 MP: 3/5
    86 | D        | Reached XP level 3. HP: 21/21 MP: 3/6
    86 | D        | Reached XP level 4. HP: 27/27 MP: 3/7
   124 | D        | Reached * piety under Sif Muna
   233 | D        | Reached XP level 5. HP: 32/32 MP: 6/8
   238 | D        | Reached ** piety under Sif Muna
   239 | D        | Reached skill level 1 in Fighting
   239 | D        | Reached skill level 1 in Invocations
   348 | D        | Learned a level 3 spell: Stone Arrow
   361 | D        | Noticed a fire bat
   361 | D        | Noticed an ogre
   361 | D        | Noticed an ogre
   369 | D        | Killed an ogre
   371 | D        | Reached *** piety under Sif Muna
   372 | D        | Reached XP level 6. HP: 42/42 MP: 4/11
   374 | D        | Reached skill level 10 in Earth Magic
   377 | D        | Reached **** piety under Sif Muna
   382 | D        | Killed a fire bat
   383 | D        | Reached skill level 5 in Fighting
   383 | D        | Reached skill level 5 in Dodging
   383 | D        | Reached skill level 5 in Spellcasting
   383 | D        | Reached skill level 5 in Invocations
   383 | D        | Reached XP level 7. HP: 49/50 MP: 7/14
   386 | D        | Reached ***** piety under Sif Muna
   387 | D        | Identified Uhioff's Incunabulum of Toxins and Shape
                  | Shifting (Sif Muna gifted it to you in the Dungeon)
   387 | D        | Received a gift from Sif Muna
   477 | D        | Learned a level 5 spell: Lee's Rapid Deconstruction
   484 | D        | Learned a level 6 spell: Statue Form
   658 | D        | Noticed a tarantella
   659 | D        | Killed a tarantella
   660 | D        | Reached skill level 11 in Earth Magic
   703 | D        | Reached XP level 8. HP: 52/55 MP: 11/17
   703 | D        | Identified Sif Muna's Handbook of the Snowflakes (Sif Muna
                  | gifted it to you in the Dungeon)
   703 | D        | Received a gift from Sif Muna
   717 | D        | Noticed a cane toad
   717 | D        | Noticed a spriggan
   745 | D        | Killed a spriggan
   751 | D        | Killed a cane toad
   752 | D        | Reached skill level 5 in Transmutations
   959 | D        | Noticed a wyvern
   960 | D        | Killed a wyvern
   961 | D        | Reached skill level 1 in Maces & Flails
   961 | D        | Reached skill level 1 in Shields
   961 | D        | Reached XP level 9. HP: 61/61 MP: 13/20
  1167 | D        | Noticed a guardian mummy
  1169 | D        | Killed a guardian mummy
  1237 | D        | Noticed a merfolk siren
  1238 | D        | Identified Sif Muna's Volume of Dusty Sinister Rituals (Sif
                  | Muna gifted it to you in the Dungeon)
  1238 | D        | Received a gift from Sif Muna
  1239 | D        | Reached skill level 12 in Earth Magic
  1240 | D        | Reached skill level 5 in Stealth
  1242 | D        | Killed a merfolk siren
  1243 | D        | Slain by a shadow wraith

Illustrated notes

Levels and vault maps discovered:
D:        pitsprint [storerooms_1, entrance_room_1, metal_vault_4, armoury_2,
          mini_pit_1, grid_room_1, main_hall_1, silver_pit, the_coven_1,
          the_vestibule_1, steel_vault_3, golden_pit, hallway_of_sentries,
          crystal_vault_1, iron_vault_1, final_vault]

Skill      XL: |  1  2  3  4  5  6  7  8  9 |
---------------+----------------------------+-----
Unarmed Combat | 2 |  2.3
Earth Magic    | 9 10 11 12 | 12.1
Fighting       | 3 5 6 |  6.3
Invocations    | 3 5 7 8 9 |  9.1
Dodging        | 3 5 6 8 |  8.6
Spellcasting   | 3 5 6 7 |  7.9
Transmutations | 3 5 6 |  6.4
Maces & Flails | 1 3 |  3.3
Stealth        | 4 5 |  5.8
Shields        | 1 3 |  3.3

Action                   |  1- 3 |  4- 6 |  7- 9 || total
-------------------------+-------+-------+-------++-------
Melee: Unarmed           |     8 |    14 |       ||    22
       Constrict         |     3 |     3 |       ||     6
       Tentacles         |     1 |       |       ||     1
       Punch             |       |     1 |       ||     1
 Cast: Sandblast         |     1 |    20 |     9 ||    30
       Lee's Rapid Decon |       |       |    18 ||    18
       Stone Arrow       |       |       |     1 ||     1
Invok: Channel Magic     |       |       |     1 ||     1
  Use: Potion            |       |     2 |       ||     2
Armor: Skin              |     1 |     2 |       ||     3
Dodge: Dodged            |     2 |    12 |     5 ||    19

Table legend: (Time is in decaauts)
 A = Elapsed time spent in this place.
 B = Non-inter-level travel time spent in this place.
 C = Inter-level travel time spent in this place.
 D = Time resting spent in this place.
 E = Time spent auto-exploring this place.
 F = Levels seen in this place.
 G = Mean time per level.
                   A        B        C        D        E       F      G
               +--------+--------+--------+--------+--------+-----+--------+
         Total |   1241 |   1241 |      0 |    749 |      0 |   1 | 1241.0 |
       Dungeon |   1241 |   1241 |      0 |    749 |      0 |   1 | 1241.0 |
               +--------+--------+--------+--------+--------+-----+--------+

Top non-repeatable levels by time:
       D: 1241 daAuts
